 Dungeon Crawl Stone Soup version 0.31-a0-233-g139696dc86 (webtiles) character file.

Game seed: 11610938174837721968

20626 avis the Nimble (level 12, -1/153 HPs)
             Began as an Ogre Transmuter on July 9, 2023.
             Was an Initiate of Gozag.
             Slain by an eight-headed hydra (8 damage)
             ... on level 2 of the Lair of Beasts.
             The game lasted 01:40:16 (15768 turns).

avis the Nimble (Ogre Transmuter)                  Turns: 15768, Time: 01:40:16

Health: -1/153     AC:  8    Str: 17    XL:     12   Next: 81%
Magic:  17/21      EV: 17    Int: 18    God:    Gozag
Gold:   497        SH:  0    Dex:  9    Spells: 6/23 levels left

rFire   x .          .
                       - Unarmed
rCold   + + +        (shield currently unavailable)
rNeg    . . .        A - melded +4 steam dragon scales
rPois   +            (helmet currently unavailable)
rElec   .            (cloak currently unavailable)
rCorr   .            (gloves unavailable)
SInv    .            (boots unavailable)
Will    +....        (no amulet)
Stlth   +            a - ring of flight
HPRegen 0.45/turn    s - +5 ring of evasion
MPRegen 0.17/turn

%: no passive effects
@: ice-form, wereblooded, gold aura, flying, hasted, very quick
A: freezing attack, amphibious, boosted hp, large, unfitting armour, (tough skin
1)
a: End Transformation, Renounce Religion, Potion Petition, Call Merchant, Bribe
Branch


You were on level 2 of the Lair of Beasts.
You worshipped Gozag.
Gozag was aware of your devotion.
You were a creature of crystalline ice.
You visited 3 branches of the dungeon, and saw 13 of its levels.
You also visited: Sewer and Bailey.

You collected 1885 gold pieces.
You spent 917 gold pieces at shops.
You paid 471 gold pieces to Gozag.

Inventory:

Hand Weapons
 b - a +0 orcbow
 e - the +4 trident of the Swamp {flame, rC- Will+ Stlth+}
   (You found it on level 2 of the Lair of Beasts)

   rC:        It makes you vulnerable to cold.
   Will:      It increases your willpower.
   Stlth:     It makes you more stealthy.
 w - a +0 giant spiked club
Missiles
 x - 33 poisoned darts
 z - 6 throwing nets
Armour
 A - +4 steam dragon scales (melded)
Jewellery
 a - a ring of flight (left front paw)
 g - a ring of resist corrosion
 s - a +5 ring of evasion (right front paw)
 Q - the ring "Ziwa" {rElec rC++ MP+9 Str-2 SInv}
   (You found it on level 1 of the Lair of Beasts)

   [ring of magical power]

   Str:       It affects your strength (-2).
   rC:        It greatly protects you from cold.
   rElec:     It insulates you from electricity.
   MP:        It affects your magic capacity (+9).
   SInv:      It lets you see invisible.
Wands
 v - a wand of iceblast (8)
 H - a wand of light (7)
 P - a wand of flame (4)
Scrolls
 d - 3 scrolls of fog
 l - 3 scrolls of teleportation
 m - a scroll of revelation {unknown}
 u - a scroll of amnesia {unknown}
 y - 3 scrolls of poison
 C - a scroll of acquirement {unknown}
 E - a scroll of butterflies {unknown}
 F - 3 scrolls of fear
 G - 4 scrolls of blinking
Potions
 c - 3 potions of cancellation
 f - a potion of might
 h - a potion of haste
 i - a potion of curing
 j - 2 potions of lignification
 D - a potion of resistance
 I - a potion of magic
 M - a potion of berserk rage
 O - 2 potions of enlightenment
 R - 2 potions of brilliance
Miscellaneous
 n - a tin of tremorstones (2/2)


   Skills:
 + Level 10.7 Fighting
 * Level 10.7 Dodging
 * Level 10.7 Unarmed Combat
 - Level 6.0 Spellcasting
 - Level 1.0 Translocations
 - Level 8.0 Transmutations
 - Level 4.0 Ice Magic
 - Level 1.0 Poison Magic


You had 6 spell levels left.
You knew the following spells:

 Your Spells              Type           Power      Damage    Failure   Level
a - Beastly Appendage     Tmut           68%        N/A       1%          1
b - Blink                 Tloc           18%        N/A       12%         2
e - Wereblood             Tmut           34%        N/A       1%          2
p - Spider Form           Tmut/Pois      21%        N/A       5%          3
q - Ice Form              Ice/Tmut       27%        N/A       10%         4
B - Blade Hands           Tmut           17%        N/A       12%         5

Your spell library contained the following spells:

 Spells                   Type           Power      Damage    Failure   Level
 Passwall                 Tmut/Erth      15%        N/A       3%          2
 Ensorcelled Hibernation  Hex/Ice        24%        N/A       8%          2
 Shock                    Conj/Air       20%        1d4       12%         1
 Lesser Beckoning         Tloc           18%        N/A       12%         2
 Momentum Strike          Conj/Tloc      14%        3d8       14%         2
 Portal Projectile        Hex/Tloc       14%        N/A       28%         3
 Volatile Blastmotes      Fire/Tloc      14%        2d11      28%         3
 Dazzling Flash           Conj/Hex       10%        N/A       34%         3
 Swiftness                Air            5%         N/A       34%         3
 Tukima's Dance           Hex            5%         N/A       34%         3
 Iskenderun's Mystic Bla  Conj/Tloc      7%         2d4       67%         4
 Airstrike                Air            2%         2d(1-17)  75%         4
 Starburst                Conj/Fire      2%         6d3       100%        6


Dungeon Overview and Level Annotations

Branches:
Dungeon (10/15)            Temple (1/1) D:6            Lair (2/5) D:10
  Sewer (visited)          Bailey (visited)
  Swamp: Lair:2-3    Shoals: Lair:2-3     Snake: Lair:2-3    Spider: Lair:2-3
    Orc: D:9-12

Altars:
Ashenzari
Cheibriados
Dithmenos
Elyvilon
Fedhas
Gozag
Hepliaklqana
Kikubaaqudgha
Makhleb
Nemelex Xobeh
Okawaru
Qazlal
Ru
Sif Muna
Trog
Uskayaw
Vehumet
Wu Jian
Xom
Yredelemnul
Zin
The Shining One

Shops:
D:3 *

Annotations:
D:6 3 runed translucent doors, Maxmaps's ghost, novice DsGl
D:7 glass case


Innate Abilities, Weirdness & Mutations

You are a creature of crystalline ice.
You have a powerful freezing melee attack.
You are amphibious.
Your maximum health is increased.
Your armour is entirely melded.
You are incapable of wielding weapons or throwing items.
You are too large for most types of armour.
((You have tough skin. (AC +1)))


Message History

The eight-headed hydra is moderately wounded.
The merfolk siren chants its luring song.
The merfolk hits you from afar with a +0 trident.
The merfolk hits you from afar with a +0 trident!
* * * LOW HITPOINT WARNING * * *
Unknown command.
Aiming: Iceblast
Press: ? - help, Shift-Dir - straight line, f/p - merfolk
Aim: a merfolk, wielding a +0 trident (heavily wounded)
The mass of ice explodes!
The iceblast engulfs the merfolk!
The merfolk is severely wounded.
The iceblast engulfs the merfolk!
The merfolk is almost dead.
The iceblast engulfs the merfolk siren!
You break out of your daze!
You kill the merfolk siren!
The iceblast engulfs the eight-headed hydra!
The eight-headed hydra is heavily wounded.
The merfolk hits you from afar with a +0 trident.
* * * LOW HITPOINT WARNING * * *
Aiming: Iceblast
Press: ? - help, Shift-Dir - straight line, f/p - merfolk
Aim: a merfolk, wielding a +0 trident (severely wounded)
The mass of ice explodes!
The iceblast engulfs the merfolk!
The merfolk is almost dead.
The iceblast engulfs the merfolk!
You kill the merfolk!
The iceblast engulfs the eight-headed hydra!
The eight-headed hydra is severely wounded.
You punch the eight-headed hydra! You freeze the eight-headed hydra.
The eight-headed hydra is almost dead.
The merfolk hits you from afar with a +0 trident!!
* * * LOW HITPOINT WARNING * * *
You feel better. The eight-headed hydra bites you!
* * * LOW HITPOINT WARNING * * *
The eight-headed hydra bites you but does no damage.
The eight-headed hydra barely misses you.
The eight-headed hydra misses you. The eight-headed hydra bites you!
You die...
Your body crumbles into a pile of gold.

..............P.......#
......................#.
......................##
$
..............###....#.#
.................####.#.
..................###..#
..................##...#
......................##
.......Y$.....##....P.##
.!)...$D..........#.##.#
......$m$.......##.##.##
.........##^..#..##..##
$ .............##.....##
.<....###.......#.##.###
P...#~ #...........#..#
....#. ##...........###
. ##....##...##


You could see an eight-headed hydra and a merfolk.

Vanquished Creatures
  Harold (D:10)
  Erolcha (D:9)
  6 death yaks (Lair:1)
  A two-headed ogre (Bailey)
  Pikel (D:8)
  Joseph (D:8)
  A torpor snail (Lair:1)
  A merfolk siren (Lair:2)
  Maggie (D:6)
  4 cane toads
  3 komodo dragons (Lair:1)
  3 kobold demonologists
  2 merfolk (Lair:2)
  3 blink frogs (Lair:1)
  Sigmund (D:2)
  8 spriggans (Bailey)
  A wyvern (D:8)
  11 yaks
  3 steam dragons
  2 basilisks
  Menkaure (D:6)
  An acid dragon (D:9)
  8 water moccasins
  4 orc warriors
  3 ice beasts
  12 ogres
  4 centaurs
  A lemure (D:8)
  5 bullfrogs
  4 kobold brigands
  2 gnoll sergeants
  2 scorpions
  16 wights
  9 killer bees
  4 howler monkeys
  A jelly (D:6)
  2 hounds
  6 orc priests
  A sleepcap (D:8)
  Terence (D:2)
  3 iguanas
  6 orc wizards
  Robin (D:2)
  5 gnolls (D:5)
  14 adders
  3 river rats
  2 shadow imps
  2 white imps
  4 ufetubi
  5 worms
  A dart slug (D:1)
  26 orcs
  7 endoplasms
  5 giant cockroaches
  21 goblins
  7 hobgoblins
  3 jackals (D:4)
  4 quokkas
  8 ball pythons
  6 bats
  A frilled lizard (D:3)
  11 kobolds
  24 rats
311 creatures vanquished.

Vanquished Creatures (others)
  A bullfrog (Lair:1)
  A rat (D:4)
2 creatures vanquished.

Grand Total: 313 creatures vanquished

Notes
Turn   | Place    | Note
-------+----------+-------------------------------------------
     0 | D:1      | avis the Ogre Transmuter began the quest for the Orb.
     0 | D:1      | Reached XP level 1. HP: 19/19 MP: 3/3
   185 | D:1      | Reached XP level 2. HP: 22/28 MP: 1/5
   489 | D:1      | Found a faded altar of an unknown god.
   559 | D:1      | Reached XP level 3. HP: 37/37 MP: 3/6
  1065 | D:2      | Noticed Robin
  1077 | D:2      | Killed Robin
  1093 | D:2      | Found an ancient bone altar of Kikubaaqudgha.
  1171 | D:2      | Learned a level 2 spell: Wereblood
  1175 | D:2      | Learned a level 3 spell: Spider Form
  1390 | D:2      | Reached XP level 4. HP: 45/45 MP: 5/7
  1750 | D:2      | Noticed Sigmund
  1770 | D:2      | Killed Sigmund
  1771 | D:2      | Reached skill level 1 in Poison Magic
  1771 | D:2      | Reached XP level 5. HP: 38/53 MP: 5/9
  1771 | D:2      | Reached XP level 6. HP: 44/61 MP: 5/10
  1776 | D:2      | Learned a level 4 spell: Ice Form
  1852 | D:2      | Noticed Terence
  1865 | D:2      | Killed Terence
  2788 | D:3      | Found Adghasov's General Store.
  3910 | D:4      | Reached skill level 5 in Unarmed Combat
  3910 | D:4      | Reached XP level 7. HP: 70/70 MP: 7/11
  4122 | D:4      | Learned a level 2 spell: Blink
  4196 | D:5      | Entered Level 5 of the Dungeon
  4409 | D:5      | Reached skill level 1 in Translocations
  4557 | D:5      | Reached skill level 1 in Ice Magic
  4966 | D:5      | Found a shadowy altar of Dithmenos.
  4978 | D:5      | Found a hide-covered altar of Uskayaw.
  4994 | D:5      | Reached skill level 5 in Fighting
  4994 | D:5      | Reached XP level 8. HP: 71/80 MP: 9/14
  4996 | D:5      | Found a blossoming altar of Fedhas.
  4997 | D:5      | Found a glowing silver altar of Zin.
  4998 | D:5      | Found a radiant altar of Vehumet.
  4998 | D:5      | Found a shimmering altar of Xom.
  4998 | D:5      | Found a bloodstained altar of Trog.
  4998 | D:5      | Found a broken altar of Ashenzari.
  4999 | D:5      | Found an ornate altar of the Wu Jian Council.
  5003 | D:5      | Found a shimmering blue altar of Sif Muna.
  5004 | D:5      | Found an ancient bone altar of Kikubaaqudgha.
  5879 | D:6      | Found a glowing drain.
  5898 | Sewer    | Entered a sewer
  6456 | D:6      | Found a staircase to the Ecumenical Temple.
  6470 | Temple   | Entered the Ecumenical Temple
  6542 | Temple   | Became a worshipper of Gozag Ym Sagoz the Greedy
  6867 | D:3      | Bought a scroll of identify for 28 gold pieces
  7339 | D:6      | Reached skill level 5 in Dodging
  7339 | D:6      | Reached XP level 9. HP: 67/88 MP: 12/15
  7451 | D:6      | Noticed Menkaure
  7461 | D:6      | Killed Menkaure
  7708 | D:6      | Noticed Maggie
  7721 | D:6      | Killed Maggie
  7930 | D:6      | Found a runed translucent gate.
  7930 | D:6      | Noticed Maxmaps's ghost (novice DsGl)
  7931 | D:6      | Found a runed translucent gate.
  7932 | D:6      | Found a runed translucent gate.
  9172 | D:8      | Noticed Pikel
  9178 | D:8      | Killed Pikel
  9179 | D:8      | Reached skill level 5 in Transmutations
  9179 | D:8      | Reached XP level 10. HP: 83/102 MP: 11/16
  9529 | D:8      | Noticed a kobold demonologist
  9529 | D:8      | Noticed a kobold demonologist
  9536 | D:8      | Killed a kobold demonologist
  9550 | D:8      | Killed a kobold demonologist
 10104 | D:8      | Noticed Joseph
 10122 | D:8      | Killed Joseph
 10366 | D:3      | Bought a potion of enlightenment for 70 gold pieces
 10366 | D:3      | Bought a potion of lignification for 42 gold pieces
 10366 | D:3      | Bought a potion of haste for 140 gold pieces
 10873 | D:9      | Reached XP level 11. HP: 113/113 MP: 12/17
 10962 | D:9      | Found a stormy altar of Qazlal.
 11096 | D:9      | Noticed Erolcha
 11112 | D:9      | Killed Erolcha
 11654 | D:9      | Found a sacrificial altar of Ru.
 11848 | D:10     | Entered Level 10 of the Dungeon
 11889 | D:10     | Noticed Harold
 11891 | D:10     | Found a staircase to the Lair.
 11898 | D:10     | Killed Harold
 12189 | D:10     | Found a flagged portal.
 12228 | Bailey   | Entered a bailey
 13022 | Bailey   | Noticed a two-headed ogre
 13028 | Bailey   | Killed a two-headed ogre
 13433 | D:10     | Learned a level 5 spell: Blade Hands
 13578 | Lair:1   | Entered Level 1 of the Lair of Beasts
 13768 | Lair:1   | Reached skill level 10 in Fighting
 13768 | Lair:1   | Reached skill level 10 in Dodging
 13768 | Lair:1   | Reached skill level 10 in Unarmed Combat
 13951 | Lair:1   | Reached XP level 12. HP: 38/126 MP: 14/18
 14413 | Lair:1   | Reached skill level 5 in Spellcasting
 14559 | Lair:1   | Identified the ring "Ziwa" {rElec rC++ MP+9 Str-2 SInv}
 14682 | Lair:1   | Noticed a death yak
 14682 | Lair:1   | Noticed a death yak
 14682 | Lair:1   | Noticed a death yak
 14682 | Lair:1   | Noticed a death yak
 14682 | Lair:1   | Noticed a death yak
 14700 | Lair:1   | Noticed a death yak
 14708 | Lair:1   | Killed a death yak
 14715 | Lair:1   | Killed a death yak
 14717 | Lair:1   | Killed a death yak
 14728 | Lair:1   | Killed a death yak
 14732 | Lair:1   | Killed a death yak
 14741 | Lair:1   | Killed a death yak
 15305 | Lair:1   | Bought a scroll of teleportation for 42 gold pieces
 15305 | Lair:1   | Bought 2 scrolls of vulnerability for 112 gold pieces
 15305 | Lair:1   | Bought a scroll of blinking for 105 gold pieces
 15305 | Lair:1   | Bought a scroll of blinking for 105 gold pieces
 15305 | Lair:1   | Bought a scroll of blinking for 105 gold pieces
 15305 | Lair:1   | Bought a scroll of fog for 56 gold pieces
 15305 | Lair:1   | Bought a scroll of identify for 28 gold pieces
 15305 | Lair:1   | Bought a scroll of identify for 28 gold pieces
 15305 | Lair:1   | Bought a scroll of identify for 28 gold pieces
 15305 | Lair:1   | Bought 2 scrolls of noise for 28 gold pieces
 15736 | Lair:2   | Identified the +4 trident of the Swamp {flame, rC- Will+
                  | Stlth+}
 15758 | Lair:2   | Noticed an eight-headed hydra
 15768 | Lair:2   | HP: 7/153 [eight-headed hydra (9)]
 15768 | Lair:2   | Slain by an eight-headed hydra

Illustrated notes

Levels and vault maps discovered:
D:1:      beargit_arrival_greenhouse, layout_basic,
          dreamdust_ecumenical_altar_grove, st_stairs_6, hangedman_decor_points
D:2:      layout_loops_ring, basic_altar, uniq_robin, uniq_sigmund, uniq_terence
D:3:      layout_basic, serial_shops, shop, minmay_misc_feat_x
D:4:      layout_gridville, minmay_rat_hole
D:5:      layout_basic, minitemple
D:6:      layout_rooms, minmay_temple_entry_ruins,
          cheibrodos_sewer_entry_sluice, biasface_ghost_orc_armoury,
          uniq_maggie, uniq_menkaure
D:7:      layout_basic, due_unseen_surprise
D:8:      cheibrodos_barr_body, layout_loops_ring, uniq_joseph, uniq_pikel
D:9:      layout_loops_ring, nicolae_ru_the_path_less_chosen,
          nicolae_qazlal_general_emergency, uniq_erolcha
D:10:     layout_rooms, lair_entry_dummy, enter_bailey_5, nrook_mini_vaults,
          uniq_harold
Temple:   compressed_dpeg_triangle_lava_temple
Lair:1:   layout_small_grid
Lair:2:   layout_cave_shapes, elwin_shoals_entry_stream

Skill      XL: |  1  2  3  4  5  6  7  8  9 10 11 12 |
---------------+-------------------------------------+-----
Fighting       | 2 3 4 5 7 8 10 | 10.7
Unarmed Combat | 3 4 5 6 7 8 10 | 10.7
Dodging        | 2 3 5 7 8 10 | 10.7
Spellcasting   | 3 4 6 |  6.0
Transmutations | 3 4 5 6 8 |  8.0
Poison Magic   | 1 |  1.0
Translocations | 1 |  1.0
Ice Magic      | 2 4 |  4.0

Action                     |  1- 3 |  4- 6 |  7- 9 | 10-12 || total
---------------------------+-------+-------+-------+-------++-------
  Melee: Unarmed           |   102 |   148 |   323 |   457 ||  1030
         Kick              |    24 |     9 |    15 |       ||    48
         Headbutt          |    14 |    10 |     7 |       ||    31
         Punch             |     1 |     3 |     2 |     1 ||     7
         Giant spiked club |       |       |     5 |       ||     5
   Fire: Sling             |     9 |     5 |     7 |       ||    21
         Orcbow            |       |       |       |    36 ||    36
   Cast: Beastly Appendage |    27 |     8 |     7 |       ||    42
         Spider Form       |       |    20 |    34 |    26 ||    80
         Wereblood         |       |     4 |    13 |    23 ||    40
         Ice Form          |       |       |    10 |    24 ||    34
 Invoke: Call Merchant     |       |       |       |     1 ||     1
  Evoke: Wand              |       |       |       |     4 ||     4
    Use: Scroll            |       |       |     8 |    10 ||    18
         Potion            |       |       |     1 |     9 ||    10
   Stab: Sleeping          |     1 |       |       |       ||     1
         Distracted        |       |       |       |     1 ||     1
 Armour: Robe              |    32 |    14 |     4 |       ||    50
         Skin              |       |    14 |    29 |    29 ||    72
         Steam dragon scal |       |       |     2 |     3 ||     5
  Dodge: Dodged            |    43 |   178 |   232 |   449 ||   902

Table legend: (Time is in decaauts)
 A = Elapsed time spent in this place.
 B = Non-inter-level travel time spent in this place.
 C = Inter-level travel time spent in this place.
 D = Time resting spent in this place.
 E = Time spent auto-exploring this place.
 F = Levels seen in this place.
 G = Mean time per level.
                   A        B        C        D        E       F      G
               +--------+--------+--------+--------+--------+-----+--------+
         Total |  15608 |  13789 |   1819 |   3318 |   6828 |  15 | 1040.5 |
       Dungeon |  12326 |  10621 |   1705 |   2284 |   5809 |  10 | 1232.6 |
        Temple |    314 |    295 |     19 |      0 |    253 |   1 |  314.0 |
          Lair |   1697 |   1602 |     95 |    394 |    630 |   2 |  848.5 |
         Sewer |    419 |    419 |      0 |     59 |    136 |   1 |  419.0 |
        Bailey |    850 |    850 |      0 |    580 |      0 |   1 |  850.0 |
               +--------+--------+--------+--------+--------+-----+--------+

Top non-repeatable levels by time:
     D:5: 1854 daAuts
  Lair:1: 1589 daAuts
     D:6: 1502 daAuts
     D:8: 1409 daAuts
     D:9: 1261 daAuts
     D:3: 1231 daAuts
     D:1: 1149 daAuts
     D:2: 1090 daAuts
    D:10: 992 daAuts
     D:4: 959 daAuts
     D:7: 876 daAuts
  Bailey: 850 daAuts
   Sewer: 419 daAuts
  Temple: 314 daAuts
  Lair:2: 108 daAuts
